 Dungeon Crawl Stone Soup version 0.29.1-1-gd02db6906a (webtiles) character file.

Game seed: 16697732664198439769

926 tardwrangler69 the Cleaver (level 7, -2/66 HPs)
             Began as a Minotaur Chaos Knight on Sept 28, 2022.
             Was a Plaything of Xom.
             Slain by Duvessa
             ... wielding a +0 short sword
              (3 damage)
             ... on level 5 of the Dungeon.
             The game lasted 00:05:22 (3100 turns).

tardwrangler69 the Cleaver (Minotaur Chaos Knight)  Turns: 3100, Time: 00:05:23

Health: -2/66      AC:  7    Str: 12 (15) XL:     7   Next: 85%
Magic:  6/6        EV: 11    Int:  8      God:    Xom [*.....]
Gold:   266        SH:  0    Dex: 14      Spells: 6/6 levels left

rFire   + . .      SeeInvis .   a - +0 hand axe (chaos)
rCold   + . .      Faith    .   (no shield)
rNeg    + + .      Spirit   .   o - +3 ring mail of Sharp Freedom {rF+ rN++}
rPois   .          Reflect  .   (helmet restricted)
rElec   .          Harm     .   (no cloak)
rCorr   .          Rampage  .   (no gloves)
Will    .....                   s - +0 pair of boots
Stlth   ..........              k - amulet of regeneration
HPRegen 1.01/turn               r - ring of protection from cold
MPRegen 0.10/turn               (no ring)

@: confused, lit by a corona, glowing, unable to drink
A: horns 2, retaliatory headbutt, agile 1, deformed body, deterioration 1, weak
1, inability to drink after injury 2
a: Renounce Religion


You were on level 5 of the Dungeon.
You worshipped Xom.
You were a special plaything of Xom.
You visited 1 branch of the dungeon, and saw 5 of its levels.

You collected 266 gold pieces.

Inventory:

Hand Weapons
 a - a +0 hand axe of chaos (weapon)
Armour
 o - the +3 ring mail of Sharp Freedom (worn) {rF+ rN++}
   (You found it on level 2 of the Dungeon)

   rF:        It protects you from fire.
   rN:        It greatly protects you from negative energy.
 s - a +0 pair of boots (worn)
Jewellery
 k - an amulet of regeneration (around neck)
 r - a ring of protection from cold (left hand)
Wands
 m - a wand of flame (22)
 n - a wand of mindburst (18)
Scrolls
 d - a scroll of fog
 e - 2 scrolls of enchant armour {unknown}
 f - 6 scrolls of identify {unknown}
 g - 2 scrolls of fear
 j - a scroll of noise {unknown}
 l - a scroll of vulnerability {unknown}
 q - 2 scrolls of teleportation {unknown}
 t - a scroll of summoning {unknown}
 v - a scroll of enchant weapon {unknown}
Potions
 b - 2 potions of brilliance
 h - a potion of curing {unknown}
 i - a potion of attraction {unknown}
 p - a potion of ambrosia
 u - a potion of degeneration {unknown}
Miscellaneous
 c - a piece from Xom's chessboard (15/15) (quivered)


   Skills:
 - Level 7.0 Fighting
 - Level 9.3 Axes
 + Level 2.8 Armour
 * Level 2.1 Dodging


You had 6 spell levels left.
You didn't know any spells.
Your spell library was empty.

Dungeon Overview and Level Annotations

Branches:
Dungeon (5/15)
 Temple: D:4-7

Altars:
Elyvilon
Hepliaklqana
Xom

Shops:
D:4 *

Annotations:
D:5 Duvessa


Innate Abilities, Weirdness & Mutations

You have a pair of horns on your head.
You reflexively headbutt those who attack you in melee.
You are agile. (Dex +4, Str/Int -1)
Armour fits poorly on your strangely shaped body.
Your body sometimes deteriorates upon taking damage.
You are weak. (Str -2)
You sometimes lose the ability to drink potions when taking damage.


Message History

Duvessa is moderately wounded.
You feel sick. Duvessa hits you with a +0 short sword!
Duvessa hits you with a +0 short sword.
* * * LOW HITPOINT WARNING * * *
You hit Duvessa.
Duvessa is heavily wounded.
You feel sick. Duvessa hits you with a +0 short sword!
* * * LOW HITPOINT WARNING * * *
Your body deteriorates!
You feel weakened.
You cannot drink potions in your current state!
Unknown command.
Okay, then.
You barely miss Duvessa. You headbutt Duvessa.
Duvessa is heavily wounded.
You feel sick. Duvessa hits you with a +0 short sword!
* * * LOW HITPOINT WARNING * * *
Your body deteriorates!
You feel weakened.
As you read the scroll labelled MAIJUGAUTZILUE, it crumbles to dust.
The scroll dissolves into smoke.
It was a scroll of fog.
You feel sick.
You are no longer poisoned.
Duvessa hits you with a +0 short sword!
You die... "Hey, that's my plaything!"
Xom revives you! Duvessa hits you with a +0 short sword!
* * * LOW HITPOINT WARNING * * *
Unknown command.
Okay, then.
You cannot drink potions in your current state!
As you read the scroll labelled LEYSEOXIU, it crumbles to dust.
You assume a fearsome visage.
Duvessa is unaffected.
It was a scroll of fear.
Xom's power touches on your mind for a moment.
You are confused.
Duvessa hits you with a +0 short sword.
* * * LOW HITPOINT WARNING * * *
You are too confused!
You cannot drink potions in your current state!
Duvessa attacks as you move away! Duvessa hits you with a +0 short sword.
You die...
Xom is highly amused!

#...####'#####......##
#...###..#......##...#
#....#...'......#.....
#....#...#......#..... .
#....#...#......#.....
..##########......#'####
......§§§§..............
.....§§§§§..............
......e@§§..............
...$§§§§§...............
....§§§§§§..............
..######################
. ............
............
............
............
######..###.


You could see Duvessa (berserk).

Vanquished Creatures
  Grinder (D:3)
  A black bear (D:4)
  2 ogres (D:4)
  A necrophage (D:4)
  Dowan (D:5)
  2 hounds (D:4)
  Natasha (thrice) (D:2)
  4 iguanas
  4 adders
  A white imp (D:4)
  An ufetubus (D:4)
  4 worms
  3 dart slugs
  An orc (D:4)
  5 ball pythons
  2 bats
  5 endoplasms
  6 giant cockroaches
  9 goblins
  5 hobgoblins
  3 quokkas
  A frilled lizard (D:1)
  3 kobolds
  8 rats
76 creatures vanquished.

Vanquished Creatures (others)
  2 plants (D:3)
2 creatures vanquished.

Grand Total: 78 creatures vanquished

Notes
Turn   | Place    | Note
-------+----------+-------------------------------------------
     0 | D:1      | tardwrangler69 the Minotaur Chaos Knight began the quest
                  | for the Orb.
     0 | D:1      | Reached XP level 1. HP: 19/19 MP: 0/0
    51 | D:1      | XOM: potion effect (invisibility)
    53 | D:1      | Reached skill level 4 in Axes
    64 | D:1      | XOM: silly message
    75 | D:1      | Reached XP level 2. HP: 26/27 MP: 1/1
   209 | D:1      | XOM: silly message
   505 | D:2      | Reached XP level 3. HP: 33/33 MP: 2/2
   535 | D:2      | Identified the +3 ring mail of Sharp Freedom {rF+ rN++}
   760 | D:2      | Reached skill level 5 in Axes
   781 | D:2      | Noticed Natasha
   784 | D:2      | Killed Natasha
   785 | D:2      | Reached XP level 4. HP: 41/41 MP: 3/3
   814 | D:2      | XOM: 3-stop teleportation journey
  1023 | D:2      | Noticed Natasha
  1024 | D:2      | XOM: cast spell 'Summon Mana Viper'
  1031 | D:2      | Killed Natasha
  1052 | D:2      | Noticed Natasha
  1053 | D:2      | XOM: scenery: create altars
  1054 | D:2      | XOM: confuse monster(s)
  1067 | D:2      | Killed Natasha
  1068 | D:2      | Reached skill level 6 in Axes
  1068 | D:2      | Reached XP level 5. HP: 47/47 MP: 4/4
  1245 | D:3      | XOM: stealth player
  1249 | D:3      | Reached skill level 5 in Fighting
  1256 | D:3      | XOM: give mutations
  1256 | D:3      | Gained mutation: You are weak. (Str -2) [Xom's mischief]
  1256 | D:3      | Gained mutation: You occasionally lose the ability to drink
                  | potions when taking damage. [Xom's mischief]
  1256 | D:3      | Gained mutation: You are very weak. (Str -4) [Xom's
                  | mischief]
  1256 | D:3      | Gained mutation: Your body sometimes deteriorates upon
                  | taking damage. [Xom's mischief]
  1279 | D:3      | XOM: noise
  1358 | D:3      | Noticed Grinder
  1374 | D:3      | Paralysed by something for 5 turns
  1389 | D:3      | Paralysed by something for 5 turns
  1397 | D:3      | Paralysed by something for 3 turns
  1406 | D:3      | Paralysed by Grinder for 3 turns
  1412 | D:3      | Paralysed by Grinder for 2 turns
  1425 | D:3      | Killed Grinder
  1426 | D:3      | Reached skill level 7 in Axes
  1426 | D:3      | Reached XP level 6. HP: 52/57 MP: 5/5
  1606 | D:3      | XOM: divination: magic mapping
  1855 | D:3      | XOM: give mutations
  1855 | D:3      | Gained mutation: You sometimes lose the ability to drink
                  | potions when taking damage. [Xom's mischief]
  1855 | D:3      | Gained mutation: You are clumsy. (Dex -2) [Xom's mischief]
  1855 | D:3      | Gained mutation: Armour fits poorly on your strangely
                  | shaped body. [Xom's mischief]
  1855 | D:3      | Lost mutation: You are clumsy. (Dex -2) [Xom's mischief]
  1928 | D:3      | Found a white marble altar of Elyvilon.
  1928 | D:3      | XOM: summons 4 hostile demons
  2180 | D:4      | Found Itep's General Store.
  2206 | D:4      | Reached skill level 8 in Axes
  2382 | D:4      | Reached XP level 7. HP: 58/63 MP: 6/6
  2419 | D:4      | XOM: polymorph endoplasm -> iguana
  2618 | D:4      | XOM: butterfly on damage
  2620 | D:4      | Reached skill level 9 in Axes
  2697 | D:4      | XOM: cast spell 'Dispersal'
  2708 | D:4      | XOM: give mutations
  2708 | D:4      | Gained mutation: You are agile. (Dex +4, Str/Int -1) [Xom's
                  | grace]
  2708 | D:4      | Lost mutation: You are very weak. (Str -4) [Xom's grace]
  2826 | D:4      | Found a hazy altar of Hepliaklqana.
  2833 | D:4      | XOM: summons 2 friendly demons
  2986 | D:5      | Entered Level 5 of the Dungeon
  3082 | D:5      | Noticed Dowan
  3085 | D:5      | Noticed Duvessa
  3093 | D:5      | Killed Dowan
  3097 | D:5      | HP: 1/66 [Duvessa/+0 short sword (7)]
  3098 | D:5      | Xom revived you
  3099 | D:5      | XOM: confusion
  3100 | D:5      | Slain by Duvessa

Illustrated notes

Levels and vault maps discovered:
D:1:      lightli_arrival_maybe_door_vault, layout_rooms
D:2:      layout_basic, uniq_natasha
D:3:      layout_basic, nicolae_elyvilon_temple_path, uniq_grinder
D:4:      layout_gridville, mainiacjoe_overflow_brackets, reono_crystal_passage,
          nicolae_take_the_stairs, kennysheep_donut
D:5:      layout_gridville, grunt_dithmenos_shadows, minmay_temple_entry_hall,
          serial_shops, nicolae_shop_trees, ebering_ghost_disaster_area,
          uniq_duvessa

Skill      XL: |  1  2  3  4  5  6  7 |
---------------+----------------------+-----
Axes           | 4 5 6 7 8 9 |  9.3
Fighting       | 4 5 6 7 |  7.0
Dodging        | 2 |  2.1
Armour         | |  2.8

Action                   |  1- 3 |  4- 6 |  7- 9 || total
-------------------------+-------+-------+-------++-------
Melee: Hand axe          |    53 |   136 |    92 ||   281
       Headbutt          |    13 |    15 |    22 ||    50
       Punch             |     1 |     3 |       ||     4
  Use: Potion            |       |     1 |       ||     1
       Scroll            |       |       |     2 ||     2
 Stab: Invisible         |     2 |       |       ||     2
       Confused          |       |     3 |       ||     3
       Sleeping          |       |     1 |       ||     1
       Petrified         |       |       |     2 ||     2
Armor: Leather armour    |    17 |     3 |       ||    20
       Ring mail         |       |    31 |    26 ||    57
Dodge: Dodged            |    28 |    48 |    26 ||   102
